[Event "ChessKid Cup Div-III 2023"]
[Site "Online"]
[Date "2023.05.22"]
[Round "51.1"]
[White "Navara, David"]
[Black "Gadimbayli, Abdulla"]
[Result "1-0"]
[ECO "D08"]
[WhiteElo "2678"]
[BlackElo "2500"]
[Annotator "TA"]
[PlyCount "125"]
[EventDate "2023.05.21"]
[EventType "k.o."]
[EventCountry "NET"]
[SourceTitle "playchess.com"]
[Source "ChessBase"]
[SourceQuality "1"]
[TimeControl "900+3"]

1. d4 d5 2. c4 e5 3. dxe5 d4 4. Nf3 Nc6 5. a3 Nge7 6. b4 {[%emt 0:00:01][%cal Bb2b4,Bb4b5][%mdl 32] D08: Albin Counter Gambit.} Ng6 {[%emt 0:00:01] [#]} 7. Bb2 $1 a5 8. b5 {[%emt 0:00:01] White is better.} Ncxe5 9. Nxe5 Nxe5 10. Bxd4 Nxc4 11. e3 Be6 12. Be2 Be7 13. Qc2 Nd6 14. Nc3 O-O 15. O-O Re8 {[%emt 0:00:39] [#]} 16. Rad1 $146 ({Predecessor:} 16. Rfd1 Bf8 17. a4 Bf5 18. Bd3 Bxd3 19. Qxd3 Qg5 20. Rac1 Rac8 21. Ne2 Nf5 22. Bc3 {½-½ Lins,T (2487)-Remis Fernandez,J (2408) W-ch37 sf11 email 2013}) 16... Bf6 17. Bxf6 Qxf6 18. Nd5 Bxd5 19. Rxd5 Re7 20. Rc5 Ne8 21. Rd1 {[%emt 0:00:04] Dodges Rd8. Black is weak on the light squares} g6 22. Bf3 Rb8 23. Rcd5 {[%emt 0:00:18] White has more active pieces.} b6 24. Rd7 ({Better is} 24. a4 $16) 24... Rxd7 $11 25. Rxd7 Rd8 26. Rxd8 Qxd8 {[%emt 0:00:00][%mdl 4096] Endgame KQB-KQN} 27. Bc6 Nd6 28. g3 Qf6 {[%emt 0:00:04] [#] ...Qa1+ is the strong threat.} 29. Kg2 Qe5 30. a4 Kg7 31. Qb3 Qc5 32. Bd5 h5 33. Qb2+ f6 34. Ba2 Qb4 35. Qc2 Qe4+ 36. Qxe4 Nxe4 {[%emt 0:00:00] KB-KN} 37. Bb3 f5 38. h4 Kf6 39. f3 Nc5 40. Bc2 Nd7 41. Kf2 Nc5 42. g4 fxg4 43. fxg4 hxg4 44. Kg3 Nd7 45. Kxg4 Ne5+ 46. Kf4 Nf7 47. Ke4 {[%emt 0:02:45] Black must now prevent Bb3.} Nh6 $2 {[%emt 0:01:04][%mdl 8192] Loses the game.} (47... g5 $11 48. h5 Ne5) 48. Kd5 $18 {[%emt 0:00:20] And now Kc6 would win.} Ng4 49. Kc6 Nxe3 50. Bb3 Nf5 51. Kxc7 Nxh4 52. Kxb6 Nf5 53. Kxa5 Ke5 54. Bc2 Ne7 55. b6 Kd6 56. Be4 g5 57. Bf3 g4 58. Bxg4 Nc6+ {[%emt 0:00:01] White mates.} 59. Kb5 Nd4+ 60. Ka6 Nc6 61. Bf3 Nb8+ 62. Kb5 Nd7 63. a5 {[%emt 0:00:01] Weighted Error Value: White=0.07 (flawless) /Black=0.08 (flawless)} 1-0

[Event "ChessKid Cup Div-III 2023"]
[Site "Online"]
[Date "2023.05.22"]
[Round "51.1"]
[White "Iturrizaga Bonelli, Eduardo"]
[Black "Donchenko, Alexander"]
[Result "0-1"]
[ECO "E11"]
[WhiteElo "2637"]
[BlackElo "2669"]
[Annotator "TA"]
[PlyCount "96"]
[EventDate "2023.05.21"]
[EventType "k.o."]
[EventCountry "NET"]
[SourceTitle "playchess.com"]
[Source "ChessBase"]
[SourceQuality "1"]
[TimeControl "900+3"]

1. Nf3 Nf6 2. c4 e6 3. g3 d5 4. d4 Bb4+ 5. Bd2 Be7 6. Bg2 O-O 7. O-O Nbd7 8. Bc3 {[%emt 0:00:08] E11: Bogo-Indian.} b6 9. Nbd2 Bb7 10. Rc1 {[%emt 0:00:01] The position is equal.} c5 11. b3 Rc8 12. Bb2 Rc7 {[%emt 0:00:28] [#]} 13. a3 $146 ({Predecessor:} 13. Re1 Qa8 14. dxc5 Bxc5 15. Ne5 Be7 16. e3 Rfc8 17. Nxd7 Rxd7 18. Qe2 dxc4 19. Bxb7 Qxb7 20. Nxc4 {1-0 Speitel,S (1615)-Slawtschew,S (1698) GER-chT U16 Burg Stargard 2002 (1.3)}) 13... dxc4 14. Nxc4 Qa8 15. Qd2 Rfc8 16. Qf4 Nd5 $36 {[%emt 0:00:53][%mdl 2048] White is under pressure.} 17. Qg4 {[%emt 0:00:04] [#]} (17. Qd2 $1 $15) 17... N5f6 ({Black should try} 17... b5 $1 $17 18. Nce5 (18. dxc5 $2 N5f6 $19) 18... c4 19. Nxd7 c3) 18. Qh3 (18. Qf4 $1 $11 {remains equal.}) 18... h6 (18... Ne4 {looks sharper.} 19. dxc5 Rxc5 20. Bd4 Rd5) 19. Rfd1 Be4 (19... b5 $17 20. Na5 Bd5 21. dxc5 Nxc5) 20. dxc5 $11 Rxc5 21. Qh4 {[%emt 0:01:33] [#] Black continues to play with concentration.} (21. Nfd2 $11 Bb7 22. Bxb7 Qxb7 23. Qg2 Qxg2+ 24. Kxg2) 21... b5 $1 $17 22. Rxd7 (22. Ncd2 $17) 22... Nxd7 $19 23. Qxe7 bxc4 ({Worse is} 23... Qd5 24. Ne1 Bxg2 25. Ne3 (25. Nd6 Rf8 $17)) 24. Qxd7 {[%emt 0:01:17] Black must now prevent Qd4.} c3 25. Rxc3 Rxc3 26. Bxc3 Rxc3 27. Ne5 $2 (27. h3 Bc6 28. Qe7) 27... Rc1+ ({Not} 27... Bxg2 28. Qxf7+ Kh7 29. Qg6+ Kh8 30. Nf7+ Kg8 31. Nxh6+ Kh8 32. Nf7+ Kg8 33. Nh6+ Kh8 34. Nf7+ Kg8 35. Nh6+ $11) 28. Bf1 Qd5 29. Qxf7+ Kh7 {[%emt 0:00:02] Active counter play!} 30. Nf3 $2 (30. f3 Qxe5 31. fxe4) 30... Bxf3 $2 ({And not} 30... Qxb3 31. Ng5+ hxg5 32. Qh5+ Kg8 33. Qe8+ Kh7 34. Qh5+ Kg8 35. Qe8+ Kh7 36. Qh5+ $11) (30... Bg6 {( -> ...Qd1)} 31. Qf4 Qd1) 31. Qxf3 Qxf3 32. exf3 {[%emt 0:00:00][%mdl 4096] Endgame KR-KB} Rb1 33. b4 (33. f4 $142) 33... Ra1 34. Kg2 Kg6 35. f4 Rxa3 36. b5 Kf6 37. Be2 Ke7 38. h4 Kd6 39. g4 (39. Kf1 $142 Ra2 40. Bd3) 39... Kc5 {[%emt 0:00:06] Hoping for ...Rb3.} 40. g5 Rb3 41. Bg4 Kd5 (41... Rxb5 $142 42. Bxe6 a5) 42. Be2 Kc5 (42... Kd4 $142 43. gxh6 gxh6) 43. Bg4 Rxb5 {[%emt 0:00:06] ...a5 would be deadly.} 44. Bxe6 a5 45. f5 hxg5 46. hxg5 a4 {[%emt 0:00:04] Black mates.} 47. Kf3 Kd6 48. Ba2 Rxf5+ {[%emt 0:00:06] Weighted Error Value: White=0.99/Black=0.53} 0-1

[Event "ChessKid Cup Div-III 2023"]
[Site "Online"]
[Date "2023.05.22"]
[Round "51.1"]
[White "Bachmann, Axel"]
[Black "Narayanan, Srinath"]
[Result "1-0"]
[ECO "A13"]
[WhiteElo "2604"]
[BlackElo "2559"]
[Annotator "TA"]
[PlyCount "77"]
[EventDate "2023.05.21"]
[EventType "k.o."]
[EventCountry "NET"]
[SourceTitle "playchess.com"]
[Source "ChessBase"]
[SourceQuality "1"]
[TimeControl "900+3"]

1. Nf3 d5 2. e3 Nf6 3. c4 e6 4. b3 c5 5. Bb2 Nc6 6. cxd5 exd5 7. Bb5 Be7 8. O-O O-O 9. d4 Bg4 10. Be2 Rc8 11. dxc5 Bxc5 12. Nc3 Re8 13. h3 {[%emt 0:00:19] A13: English Opening: 1...e6.} Bh5 14. Rc1 Bb6 15. Nh4 {[%emt 0:00:15] White is slightly better.} Bxe2 16. Nxe2 Ne4 17. Nf5 {[%emt 0:00:22] [#]} Qg5 $146 ({Predecessor:} 17... f6 18. Nf4 Ba5 19. Qg4 Ng5 20. Nxg7 Ne5 21. Bxe5 Rxc1 22. Rxc1 Rxe5 23. Rc8 Kxg7 24. Rxd8 Bxd8 25. h4 f5 26. Qg3 {1-0 Mayeregger,A (2121)-Iniyan,P (2506) Titled Tuesday intern op 22nd Dec blitz 2020 (1)}) 18. Nfd4 (18. Qxd5 $2 {loses.} Rcd8 19. Qb5 g6 $19) (18. Nxg7 Nxf2 19. Rxf2 Qxe3 $17) 18... Bc7 19. Nf3 Qh5 20. Nf4 (20. Qd3 {looks sharper.} a6 21. Rfd1 Rcd8 22. Ned4) 20... Bxf4 21. exf4 Qf5 22. b4 a6 (22... Nxb4 $2 23. Qd4 f6 24. Qxb4 $18) 23. a4 Nd6 24. Rc5 Nc4 (24... Ne7 $11) 25. Rxd5 $14 Qxf4 ({Black should play} 25... Nxb2 $14 26. Rxf5 Nxd1 27. Rxd1 f6) 26. Bc1 ({White should try} 26. Bxg7 $1 $16 Kxg7 27. Rg5+ Kf8 28. Rg4 {[%mdl 64] Skewer, Deflection}) 26... Qe4 (26... Qf6 $1 $11) 27. Re1 $16 Qb1 (27... Qg6 $16) 28. Rxe8+ $1 $18 Rxe8 29. b5 axb5 30. axb5 ({Not} 30. Rxb5 Qe4 $16) 30... Ne7 {[%emt 0:00:19] [#]} (30... Nb6 {was worth a try.}) 31. Rd8 $1 Kf8 32. Ng5 $40 {[%emt 0:00:12][%mdl 128] Black is in trouble.} (32. Qd7 $142 Qxc1+ 33. Kh2) 32... f6 $2 (32... h6 $2 33. Nh7+ Qxh7 34. Qd7 $18) (32... Nb6 {was called for.} 33. Nxh7+ Qxh7) 33. Ne6+ Kf7 34. Rxe8 Kxe8 {[%emt 0:00:00] [#]} 35. Nc7+ $1 ({Less strong is} 35. Nxg7+ Kf7 $16) 35... Kf7 36. Qh5+ Qg6 $2 (36... g6 37. Qxh7+ Kf8 38. Qh8+ Ng8 39. Ne6+ Ke7) 37. Qe2 Ne5 38. Qa2+ Kf8 39. Qa8+ {[%emt 0:00:07] Weighted Error Value: White=0.16 (very precise) /Black=0.72} 1-0

[Event "ChessKid Cup Div-III 2023"]
[Site "Online"]
[Date "2023.05.22"]
[Round "51.1"]
[White "Sasikiran, Krishnan"]
[Black "Terry, Renato"]
[Result "1/2-1/2"]
[ECO "C11"]
[WhiteElo "2604"]
[BlackElo "2520"]
[Annotator "TA"]
[PlyCount "122"]
[EventDate "2023.05.21"]
[EventType "k.o."]
[EventCountry "NET"]
[SourceTitle "playchess.com"]
[Source "ChessBase"]
[SourceQuality "1"]
[TimeControl "900+3"]

1. d4 e6 2. e4 d5 3. Nc3 Nf6 4. e5 Nfd7 5. f4 c5 6. Nf3 Nc6 7. Be3 Be7 8. Qd2 O-O {[%emt 0:00:01] 8...a6 is the fancy move.} 9. Bd3 {[%emt 0:00:06] C11: French: Classical System: 4 e5 and 4 Bg5 dxe4.} f6 10. exf6 Bxf6 11. Bb5 ({Much weaker is} 11. dxc5 d4 12. Nxd4 Nxd4 13. Bxd4 Bxd4 14. Bxh7+ Kxh7 $17) 11... cxd4 12. Nxd4 Bxd4 13. Bxd4 a6 {[%emt 0:00:01] [#]} (13... e5 14. Bxe5 Ndxe5 15. fxe5 d4 16. Ne2 Qd5 17. Ba4 Qxg2 18. O-O-O Bg4 19. Nxd4 Qxd2+ 20. Rxd2 Nxe5 {½-½ Sasikiran,K (2650)-Terry,R (2504) Titled Tuesday intern op 01st Feb-A blitz 2022 (11)}) 14. Ba4 $146 ({Predecessor:} 14. Be2 e5 15. Bxe5 Ndxe5 16. fxe5 d4 17. Ne4 Qh4+ 18. Ng3 Be6 19. O-O-O Rf2 20. a3 Rxg2 {0-1 Abdulov,O (2372)-Bajarani,U (2470) Baku Zirva Cup 2019 (2.4)}) 14... Nxd4 (14... b5 $5 15. Bb3 $8 Nxd4 16. Qxd4 Qf6 17. Qxf6 Nxf6 $11) 15. Qxd4 Qf6 16. Qxf6 Rxf6 17. g3 b5 18. Bb3 Bb7 {[%emt 0:00:01] [#] And now ...d4 would win.} 19. O-O-O Nc5 {[%emt 0:01:44][%cal Od5d4] Repels Ne4. Threatens to win with ...d4!} 20. Ne2 Re8 21. Rhe1 Rh6 22. h4 Rg6 23. c3 Nxb3+ 24. axb3 e5 25. fxe5 Rge6 26. Nd4 Rxe5 27. Rxe5 Rxe5 $14 {[%emt 0:00:00][%mdl 4096] Endgame KRB-KRN} 28. Kd2 Bc8 29. Re1 (29. Rf1 $14) 29... Rxe1 $11 {[%emt 0:00:06] The position is equal.} 30. Kxe1 {[%emt 0:00:00] KB-KN} Kf7 31. Kf2 Kf6 32. Ke3 Bd7 33. b4 Ke5 34. Nb3 Kf5 35. Nc5 Bc8 36. Kf3 h5 37. Nb3 Ke5 38. Nd4 Bd7 39. Ke3 Bc8 40. Ne2 Kf5 41. Nf4 Kg4 42. Kf2 Bb7 43. Ne6 g6 44. Nc5 Bc8 45. Nd3 Kf5 46. Nc5 Kg4 47. Nb3 Kf5 48. Nd2 Kg4 49. Nf1 {[%emt 0:00:03] [#] aiming for Ne3+.} Kf5 50. Kf3 Bb7 51. Ke3 Kg4 52. Kf2 Kf5 53. Nd2 Kg4 54. Nf3 Kf5 55. Nd4+ Ke4 56. Ke2 Bc8 57. Kd2 Bd7 58. Ke2 Bg4+ 59. Kd2 Bd7 60. Ke2 Bg4+ 61. Kd2 Bd7 {[%emt 0:00:01] Weighted Error Value: White=0.04 (flawless) /Black=0.04 (flawless)} 1/2-1/2

[Event "ChessKid Cup Div-III 2023"]
[Site "Online"]
[Date "2023.05.22"]
[Round "51.1"]
[White "Paravyan, David"]
[Black "Bluebaum, Matthias"]
[Result "0-1"]
[ECO "C06"]
[WhiteElo "2601"]
[BlackElo "2669"]
[Annotator "TA"]
[PlyCount "50"]
[EventDate "2023.05.21"]
[EventType "k.o."]
[EventCountry "NET"]
[SourceTitle "playchess.com"]
[Source "ChessBase"]
[SourceQuality "1"]
[TimeControl "900+3"]

1. e4 e6 2. d4 d5 3. Nd2 c5 4. Ngf3 Nf6 5. e5 Nfd7 6. c3 Nc6 7. Bd3 f6 8. exf6 Nxf6 9. O-O cxd4 10. cxd4 Bd6 11. Re1 O-O 12. Nf1 Qb6 13. Ng3 Ng4 $5 {[%emt 0:02:33][%mdl 4] [#] ...Bxg3 is the strong threat. Exploring less charted territory. C06: French Tarrasch: 3...Nf6 4 e5 Nfd7 5 Bd3 main lines.} 14. h3 $146 {[%emt 0:03:27] [#]} (14. Bxh7+ $11 Kxh7 15. Ng5+ Kg8 16. Qxg4 Qxd4 17. Qe2) ({Predecessor:} 14. Be3 Nxe3 15. Rxe3 g6 16. Ng5 Qxd4 17. Qe2 Ne5 18. Rd1 Qf4 19. Nh3 Qf6 20. Bb1 Bd7 21. Ne4 dxe4 22. Rxd6 {0-1 Veljanoski,A (2074)-Mihov,F (2178) FRM-ch op Struga 2021 (8)}) 14... Nxf2 $1 $19 15. Kxf2 Nxd4 {[%emt 0:00:11] Black is clearly better.} 16. Re3 e5 {[%emt 0:02:02] And now ...Be6 would win.} 17. Ke1 $2 (17. a4 Nxf3 18. gxf3) 17... e4 18. Nxe4 dxe4 19. Bc4+ Kh8 $2 (19... Be6 $19 {has better winning chances.} 20. Bxe6+ {[%mdl 64] Remove Defender} Nxe6) 20. Qxd4 $17 (20. Nxd4 $2 {is the wrong capture.} Bb4+ 21. Rc3 Bd7 $19) 20... Bg3+ 21. Kd2 $2 (21. Ke2 $17 {nothing else works.} exf3+ 22. Rxf3) 21... Rd8 $19 {[%emt 0:00:08][%mdl 64] Pin} ({Worse is} 21... exf3 22. Qxb6 axb6 23. Rxf3 Rxf3 24. gxf3 $17) 22. Bd5 exf3 23. Qd3 (23. Qxb6 axb6 24. Kc3) 23... Bf4 {[%emt 0:00:06][%mdl 64] White must now prevent ...fxg2. Pin} 24. Kc2 Qc5+ 25. Bc4 Bf5 {[%emt 0:00:01][%mdl 64] Pin.   Weighted Error Value: White=2.00/Black=1.06} ({Don't play} 25... Rxd3 26. Re8+ {[%mdl 64] Discovered Attack}) 0-1

[Event "ChessKid Cup Div-III 2023"]
[Site "Online"]
[Date "2023.05.22"]
[Round "51.1"]
[White "Iniyan, P."]
[Black "Raja Harshit"]
[Result "1/2-1/2"]
[ECO "E49"]
[WhiteElo "2525"]
[BlackElo "2515"]
[Annotator "TA"]
[PlyCount "113"]
[EventDate "2023.05.21"]
[EventType "k.o."]
[EventCountry "NET"]
[SourceTitle "playchess.com"]
[Source "ChessBase"]
[SourceQuality "1"]
[TimeControl "900+3"]

1. d4 Nf6 2. c4 e6 3. Nc3 Bb4 4. e3 d5 5. a3 Bxc3+ 6. bxc3 O-O 7. cxd5 exd5 8. Bd3 c5 9. Ne2 b6 10. O-O Ba6 11. f3 Bxd3 12. Qxd3 Re8 13. Ng3 Nc6 14. Bb2 h5 {[%emt 0:00:02] 14...c4 is vanishing. E49: Nimzo-Indian: Rubinstein: 5 Bd3 d5 6 a3 Bxc3+ 7 bxc3.} 15. Rae1 h4 16. Nf5 h3 17. gxh3 (17. e4 {is more complex.} hxg2 18. Rf2 Ne7 19. e5) 17... Ne7 18. Ng3 (18. dxc5 $5 bxc5 19. Nxe7+ Qxe7 20. c4 $11) 18... Qd7 19. dxc5 {[%emt 0:00:09] [#]} b5 $146 ({Predecessor:} 19... Qxh3 20. c4 dxc4 21. Qxc4 Ned5 22. cxb6 axb6 23. Qc1 Re6 24. Qd2 Qh6 25. f4 b5 {1-0 Xu,X (2587)-Vignesh,N (2497) La Roda op 49th 2023 (5)}) 20. a4 a6 (20... Rac8 $11 {might be stronger.}) 21. axb5 axb5 22. e4 Qxh3 23. exd5 (23. Qxb5 Reb8 24. Qe2 Ra2 $15) 23... Nexd5 (23... Ra2 $2 24. Qb1 Raa8 25. d6 $18) 24. c4 (24. Qxb5 $2 {perishes.} Nf4 25. Rxe8+ Rxe8 $19) 24... bxc4 $40 {[%emt 0:01:04][%mdl 128] White needs to defend precisely.} 25. Qxc4 Ne3 26. Rxe3 $1 Rxe3 27. Bxf6 $1 gxf6 28. c6 Qe6 (28... Raa3 $17 {[%cal Oe3c3] ...Rec3! is the strong threat.} 29. Qg4+ Qxg4 30. fxg4 Rec3) 29. Qc1 {[%emt 0:02:25] Prevents Rc3} (29. Qf4 $11 Qe5 30. Qg4+ Qg5 31. Qd7 (31. Nf5 $2 Rc3 $19)) 29... Rea3 (29... Qe5 $1 $17 {aiming for ...Rc3.} 30. Qd2 Rea3) 30. Ne4 {[%emt 0:01:28] [#]} (30. c7 $11 {remains equal.}) 30... f5 $1 $17 31. Ng3 Ra1 {[%emt 0:02:13][%mdl 64] Deflection} 32. Qf4 ({White should play} 32. Qg5+ Qg6 33. f4 (33. Qxg6+ $2 fxg6 34. h4 Kf7 $19)) 32... Qxc6 33. Nxf5 Qb6+ (33... Qg6+ $142 34. Qg4 Kh7 35. Rxa1 Rxa1+ 36. Kf2 Qb6+ 37. Qd4 Qxd4+ 38. Nxd4 Kg6) 34. Kg2 {[%emt 0:00:08] [#]} Qg6+ ({Reject} 34... R8a2+ 35. Kh3 Qf6 36. Rxa1 Rxa1 37. Qg4+ Kh8 38. Qh5+ Kg8 39. Qg4+ Kh8 40. Qh5+ Kg8 41. Qg4+ $11) 35. Qg4 R8a2+ 36. Rf2 $1 {[%emt 0:00:03] Threatens to win with Ne7+.} Qxg4+ (36... Kf8 {feels hotter.} 37. Rxa2 Rxa2+ 38. Kg3 Ra1) 37. fxg4 Rxf2+ 38. Kxf2 $15 {[%emt 0:00:00][%mdl 4096] Endgame KR-KN. The position is equal.} Ra3 39. h4 Kh7 40. h5 f6 41. Kg2 Kg8 42. Nh4 Kg7 43. Nf3 Kh6 44. Kg3 Ra4 45. Nh4 Rb4 46. Nf3 Ra4 (46... f5 $5 47. gxf5 Kxh5 $15) 47. Nh4 Ra5 48. Kf4 Ra4+ 49. Kf5 Rb4 50. Ng2 Rb2 51. Nf4 Rf2 {[%emt 0:00:01] Strongly threatening ...Rf1.} 52. Ke4 $1 Rf1 {[%emt 0:00:03] ...Kg5 would be deadly.} 53. Ne6 Re1+ 54. Kf5 Rf1+ 55. Ke4 Rf2 56. Ke3 Rf1 {[%emt 0:00:02] ( -> ...Re1+)} 57. Ke4 {[%emt 0:00:02] Weighted Error Value: White=0.14 (very precise) /Black=0.16 (very precise)} 1/2-1/2

[Event "ChessKid Cup Div-III 2023"]
[Site "Online"]
[Date "2023.05.22"]
[Round "51.1"]
[White "Tang, Andrew"]
[Black "Santos Ruiz, Miguel"]
[Result "0-1"]
[ECO "D02"]
[WhiteElo "2523"]
[BlackElo "2590"]
[Annotator "TA"]
[PlyCount "82"]
[EventDate "2023.05.21"]
[EventType "k.o."]
[EventCountry "NET"]
[SourceTitle "playchess.com"]
[Source "ChessBase"]
[SourceQuality "1"]
[TimeControl "900+3"]

1. d4 Nf6 2. Nf3 d5 3. Bf4 e6 4. e3 c5 5. Nbd2 Qb6 6. Rb1 {[%emt 0:00:05] D02: 1 d4 d5 2 Nf3 sidelines, including 2...Nf6 3 g3 and 2...Nf6 3 Bf4.} Bd7 {[%emt 0:00:14] 6...Bd6 is becoming the main line.} 7. c3 Bb5 8. Bxb5+ {[%emt 0:00:46] The position is equal.} Qxb5 {[%emt 0:00:01] [#]} 9. a4 $146 ({Predecessor:} 9. Qe2 Qxe2+ 10. Kxe2 Nc6 11. h3 Be7 12. Rhc1 a5 13. dxc5 Bxc5 14. b4 axb4 15. cxb4 Bxb4 16. Rxc6 Bxd2 17. Rxb7 {1-0 Le,K (2194)-Doan,T (1902) VIE-chB (Women) 2018 (7)}) 9... Qa6 10. dxc5 Bxc5 11. b4 Be7 12. b5 ({White should play} 12. c4 $11) 12... Qa5 $15 13. O-O O-O 14. Qc2 (14. c4 $15) 14... Nbd7 $17 15. Ra1 Rfc8 16. Rfc1 Nc5 (16... a6 $15 17. bxa6 Qxa6) 17. h3 (17. Be5 $11) 17... a6 18. c4 Qd8 (18... axb5 $17 19. cxb5 Nfd7) 19. Nd4 (19. Rab1 $11 {remains equal.}) 19... Nce4 20. Nxe4 Nxe4 21. Qe2 Bf6 22. bxa6 bxa6 {[%emt 0:00:05] And now ...e5 would win.} 23. Bh2 dxc4 24. Rxc4 Nc3 25. Qd3 Rxc4 26. Qxc4 Bxd4 27. exd4 Qc8 (27... Qxd4 $5 28. Qxd4 Ne2+ 29. Kf1 Nxd4 $15) 28. Qd3 Qc6 29. a5 (29. Bf4 $11 {feels stronger.} Nd5 30. Bd2) 29... Rd8 $36 {[%emt 0:00:13][%cal Od8d4][%mdl 2048] Black has some pressure.} 30. Be5 {[%emt 0:00:07] White is weak on the light squares} f6 31. Bg3 {[%emt 0:00:02] [#]} Rxd4 $1 {[%emt 0:00:01][%mdl 64] Decoy} 32. Qe3 e5 33. Kh2 Nd5 {[%emt 0:00:09] Black is much more active.} 34. Qb3 h5 {[%emt 0:00:35] White must now prevent ...Rb4.} 35. f3 Kh7 36. Qb1+ Kh6 37. Bf2 Rd2 38. Be1 {[%emt 0:00:01] [#]} (38. Ra2 $15 Rxa2 39. Qxa2) 38... Rc2 ({Black should try} 38... Re2 $1 $17 39. Ra2 Qc4 40. Rxe2 Qxe2 41. Qc1+ Nf4) 39. Qd1 $2 {[%emt 0:00:19][%mdl 8192] [#]} (39. Ra2 $15 Rxa2 40. Qxa2) 39... Rxg2+ $3 $19 {[%emt 0:00:05][%mdl 576] Decoy} 40. Kh1 (40. Kxg2 Ne3+) 40... Nf4 41. Bd2 Rg3 {[%emt 0:00:07] A cool game by Santos Ruiz.   Weighted Error Value: White=0.49/Black=0.15 (very precise)} (41... Rf2 $142 42. Ra2 g5 43. Bxf4 Rxa2) 0-1

[Event "ChessKid Cup Div-III 2023"]
[Site "Online"]
[Date "2023.05.22"]
[Round "51.2"]
[White "Bluebaum, Matthias"]
[Black "Paravyan, David"]
[Result "1-0"]
[ECO "D85"]
[WhiteElo "2669"]
[BlackElo "2601"]
[Annotator "TA"]
[PlyCount "97"]
[EventDate "2023.05.21"]
[EventType "k.o."]
[EventCountry "NET"]
[SourceTitle "playchess.com"]
[Source "ChessBase"]
[SourceQuality "1"]
[TimeControl "900+3"]

1. d4 Nf6 2. c4 g6 3. Nc3 d5 4. cxd5 Nxd5 5. e4 Nxc3 6. bxc3 Bg7 7. Nf3 c5 8. Bb5+ Nc6 9. O-O O-O 10. Bxc6 bxc6 11. Ba3 (11. Qc2 cxd4 12. cxd4 Bg4 13. Ne5 Qxd4 14. Bb2 Qb6 15. Rab1 Bxe5 16. Bxe5 Qa5 17. Bc3 Qa6 18. Rfc1 Rfd8 19. Bb4 Rd7 20. a3 Rad8 21. f3 Be6 22. h4 h5 23. Kh2 {1-0 Bluebaum,M (2637)-Paravyan,D (2617) Titled Tuesday intern op 03rd May Late blitz 2022 (11)}) 11... cxd4 12. cxd4 {[%emt 0:00:00] D85: Exchange Grünfeld: Unusual White 7th moves and lines with 7 Nf3.} Bg4 13. Bc5 Re8 14. Rc1 {[%emt 0:01:08] The position is equal.} Qd7 15. h3 Bxf3 16. Qxf3 Bxd4 {[%emt 0:00:00] [#]} 17. Rfd1 $146 (17. Rcd1 $5 e5 $8 18. Rd2 $11) ({Predecessor:} 17. Bxd4 Qxd4 18. Rxc6 Qa4 19. Qc3 Qxe4 20. Rc7 Qa4 21. a3 Rad8 22. Rb1 Rd7 23. Rbb7 {0-1 Vio,M (1597)-Mueller,M (2177) LSS CP-2009-P-00042}) 17... e5 18. Bxd4 exd4 19. Rc4 Rad8 20. Qd3 Qe6 21. Rxd4 Rxd4 22. Qxd4 Qxa2 $11 {[%emt 0:00:21][%mdl 4096] Endgame KQR-KQR} 23. Ra1 Qe2 24. f3 a5 25. Qa7 {[%emt 0:00:41] Dodges Ra8} Rd8 {[%emt 0:01:38] And now ...Qb2 would win.} 26. Rxa5 Qb2 {[%emt 0:00:22] ...Rd2 is the strong threat.} 27. Qc5 h6 28. Qe5 Qb6+ 29. Kh2 Rc8 30. Rc5 Qd8 31. Qc3 Qd6+ 32. e5 Qe6 33. f4 h5 34. Qc4 Qxc4 35. Rxc4 {[%emt 0:00:01] KR-KR} c5 36. g4 hxg4 37. hxg4 Kf8 38. Kg3 Ke7 39. f5 g5 {[%emt 0:00:05] [#]} (39... f6 $11) 40. Kf3 $1 $16 {[%emt 0:00:24] aiming for Ke4.} Kd7 $2 (40... Rd8 $16 41. Ke4 (41. Rxc5 Rd4 $16) 41... Rd1) 41. Ke4 $18 Kc6 42. e6 $2 (42. f6 $18 Ra8 43. Kf5) 42... f6 $2 (42... fxe6 $11 43. fxe6 Kd6) 43. Ra4 Kb5 44. Ra7 {[%emt 0:00:27] White threatens Kd5 and mate.} c4 45. e7 $2 (45. Kd5) 45... c3 $2 {[%emt 0:00:43] [#]} (45... Kc6 $18 46. Kd4 c3 {[%mdl 64] Decoy} 47. Kxc3 (47. Ra3 Kd7 $11) 47... Kd6+ 48. Kd4 Rg8) 46. Rc7 $3 {[%emt 0:00:11][%mdl 576] Deflection, Promotion. White mates.} Rxc7 47. e8=Q+ (47. e8=R {gets mated.} c2 48. Rb8+ Kc4 49. Kf3 c1=Q 50. Kg2 Qf4 51. Rh8 Re7 52. Rc8+ Kb3) 47... Kc5 48. Kd3 Kb6 49. Qb8+ {[%emt 0:00:08] Weighted Error Value: White=0.29 (precise) /Black=0.27 (precise)} 1-0

[Event "ChessKid Cup Div-III 2023"]
[Site "Online"]
[Date "2023.05.22"]
[Round "51.2"]
[White "Donchenko, Alexander"]
[Black "Iturrizaga Bonelli, Eduardo"]
[Result "1-0"]
[ECO "A49"]
[WhiteElo "2669"]
[BlackElo "2637"]
[Annotator "TA"]
[PlyCount "58"]
[EventDate "2023.05.21"]
[EventType "k.o."]
[EventCountry "NET"]
[SourceTitle "playchess.com"]
[Source "ChessBase"]
[SourceQuality "1"]
[TimeControl "900+3"]

1. d4 Nf6 2. Nf3 c5 3. c3 Qb6 4. g3 g6 5. Bg2 Bg7 6. O-O O-O 7. Qb3 {[%emt 0:00:27] A49: 1 d4 Nf6 2 Nf3 g6 3 g3: Anti-King's Indian systems.} d6 8. Nbd2 Be6 {[%emt 0:00:04] [#]} 9. dxc5 $146 {[%emt 0:00:29] The position is equal.} ({Predecessor:} 9. Qxb6 axb6 10. a3 {½-½ Ljubisavljevic,Z (2240)-Stoppa,O (2279) Imperia op 54th 2012 (8)}) 9... Qa6 10. c4 dxc5 11. Ng5 Bc8 12. Nde4 Nfd7 13. Be3 $36 {[%emt 0:00:28][%mdl 2048] White fights for an advantage.} h6 14. Nf3 ({Not} 14. Nxc5 Nxc5 15. Bxc5 hxg5 $17) 14... b6 15. Nc3 {[%emt 0:00:43] And now Nd2 would win.} Nc6 16. Rad1 (16. Nb5 $5 ) 16... Na5 17. Qb5 Qxb5 18. cxb5 {[%emt 0:00:00] aiming for Nd5.} Nc4 (18... Nf6 $11) 19. Bc1 {[%emt 0:00:20] [#] Strongly threatening Nd5.} (19. Nd5 $5 Kh7 20. Nxe7 $16) 19... Rb8 20. Nd5 Re8 21. b3 Nd6 {[%emt 0:02:25] [#]} 22. Nxe7+ $1 {[%emt 0:00:30][%mdl 64] Discovered Attack, Remove Defender} Rxe7 23. Rxd6 {[%emt 0:00:01] Hoping for Bf4.} Rxe2 24. Rfd1 (24. Be3 $16) 24... Nf8 $1 $11 25. Rd8 {[%emt 0:00:22] Bf4 would be deadly.} Bf6 $2 {[%emt 0:00:03][%mdl 8192] Black cannot hold the game after this.} (25... g5 $14) 26. Bxh6 $18 Bxd8 27. Rxd8 Rxa2 28. h4 {[%emt 0:00:28] White threatens Ng5 and mate.} (28. Bxf8 {leads to mate.} Ra1+) 28... Ra8 29. Rxf8+ Kh7 {[%emt 0:00:01] Weighted Error Value: White=0.14 (very precise) /Black=0.66} 1-0